[Event "Titled Tuesday Blitz November 16 2021"]
[White "Alavkin, Arseny"]
[Black "Martinez Alcantara, Jose Eduardo"]
[WhiteFideId "4120612"]
[BlackFideId "3805662"]
[WhiteElo "2391"]
[BlackElo "2690"]
[Result "0-1"]
[Round "10"]
[TimeControl "180+1"]
[Date "2021.11.16"]
[WhiteClock "0:00:03"]
[BlackClock "0:00:07"]

1. c4 c5 2. Nc3 Nc6 3. g3 g6 4. Bg2 Bg7 5. e3 d6 6. Nge2 e6 7. O-O Nge7 8. Rb1 O-O 9. a3 b6 10. b4 Bb7 11. Bb2 Qd7 12. bxc5 dxc5 13. Ne4 e5 14. N4c3 Na5 15. Bxb7 Qxb7 16. d3 Rad8 17. Qc2 Qd7 18. Rbd1 Nac6 19. e4 f5 20. f3 Nd4 21. Nxd4 cxd4 22. Nd5 Nxd5 23. exd5 f4 24. g4 h5 25. h3 hxg4 26. hxg4 Bf6 27. Kg2 Kg7 28. Rh1 b5 29. a4 bxc4 30. dxc4 Rc8 31. Rd2 Rh8 32. Rxh8 Rxh8 33. Rd1 Rc8 34. Rc1 a5 35. Ba3 Qb7 36. d6 Qc6 37. c5 Rb8 38. Rb1 Rxb1 39. Qxb1 Qxa4 40. Qc1 Qc6 41. Qc2 a4 42. Qe4 Qb5 43. c6 Qc4 44. c7 Qc3 45. d7 Qxc7 46. Qd5 e4 47. fxe4 f3+ 48. Kxf3 Qc3+ 49. Kf4 Qxa3 50. d8=Q Bxd8 51. Qxd8 Qe3+ 52. Ke5 Qg3+ 53. Kxd4 Qf2+ 54. Kc4 Qc2+ 55. Kb4 Qb3+ 56. Ka5 a3 57. Qe7+ Kg8 58. Qe8+ Kg7 59. Qe7+ Qf7 60. Qe5+ Kh7 61. Qa1 Qe7 62. Kb5 Qxe4 63. Qxa3 Qxg4 64. Qa7+ Kh6 65. Qf2 Qf5+ 66. Qxf5 gxf5 67. Kc4 Kg5 68. Kd3 Kf4 69. Ke2 Kg3 70. Ke1 f4 71. Kf1 Kf3 72. Ke1 Kg2 73. Kd2 f3 0-1


[Site "https://www.chess.com"]

[Event "Titled Tuesday Blitz November 16 2021"]
[White "Baskin, Robert"]
[Black "vizumatv4hoda"]
[WhiteFideId "24662402"]
[WhiteElo "2488"]
[BlackElo "2767"]
[Result "0-1"]
[Round "10"]
[TimeControl "180+1"]
[Date "2021.11.16"]
[WhiteClock "0:00:04"]
[BlackClock "0:01:22"]

1. e4 c5 2. Nf3 g6 3. d4 Bg7 4. dxc5 Qa5+ 5. c3 Qxc5 6. Be3 Qc7 7. Na3 Nf6 8. e5 Ng4 9. Bd4 O-O 10. h3 Nh6 11. Bd3 Nc6 12. Nc4 b5 13. Ne3 Nxe5 14. Nxe5 Bxe5 15. Bxb5 Rb8 16. Bxe5 Qxe5 17. Be2 Rxb2 18. O-O Qxc3 19. Nd5 Qe5 20. Re1 e6 21. Ne7+ Kg7 22. Nxc8 Rxc8 23. Ba6 Qf6 24. Rf1 Rcc2 25. Qxd7 Rxf2 26. Bb7 Rbd2 27. Qa4 Nf5 28. Bf3 Nh4 29. Rxf2 Qxa1+ 30. Rf1 Nxf3+ 31. gxf3 Qe5 32. Qg4 Qh2# 0-1


[Site "https://www.chess.com"]

[Event "Titled Tuesday Blitz November 16 2021"]
[White "Bologan, Victor"]
[Black "Boricsev, Oleg"]
[WhiteFideId "13900048"]
[BlackFideId "720500"]
[WhiteElo "2472"]
[BlackElo "2164"]
[Result "1-0"]
[Round "10"]
[TimeControl "180+1"]
[Date "2021.11.16"]
[WhiteClock "0:00:52"]
[BlackClock "0:01:16"]

1. e4 c5 2. Nf3 d6 3. d4 cxd4 4. Nxd4 Nf6 5. Nc3 Nc6 6. Bg5 g6 7. Bxf6 exf6 8. Bb5 Bd7 9. O-O Bg7 10. Nb3 O-O 11. Qxd6 f5 12. Rad1 Be6 13. Qc5 Qg5 14. exf5 Bxf5 15. Bxc6 bxc6 16. Nd4 Bxd4 17. Rxd4 Qf6 18. Rd6 Qh4 19. Rxc6 Bxc2 20. Nd5 Be4 21. Nf6+ Kg7 22. g3 Qg5 23. Qxg5 1-0


[Site "https://www.chess.com"]

[Event "Titled Tuesday Blitz November 16 2021"]
[White "Csonka, Balazs"]
[Black "Weetik, Vjacheslav"]
[WhiteFideId "742910"]
[BlackFideId "4153472"]
[WhiteElo "2404"]
[BlackElo "2469"]
[Result "0-1"]
[Round "10"]
[TimeControl "180+1"]
[Date "2021.11.16"]
[WhiteClock "0:00:02"]
[BlackClock "0:00:44"]

1. e4 c6 2. Nc3 d5 3. d4 dxe4 4. Nxe4 Nf6 5. Nxf6+ exf6 6. c3 Bd6 7. Bd3 O-O 8. Ne2 Re8 9. Qc2 h5 10. O-O h4 11. Nf4 Qc7 12. g3 Nd7 13. Qd1 g6 14. Qg4 Ne5 15. Qd1 Nxd3 16. Qxd3 Bf5 17. Qf3 Qd7 18. gxh4 Kg7 19. h5 Rh8 20. hxg6 fxg6 21. Bd2 Rh4 22. Rfe1 Rah8 23. Re2 Rxh2 24. Rae1 g5 25. Ne6+ Kg6 26. d5 Rh1+ 27. Qxh1 Rxh1+ 28. Kxh1 Qh7+ 29. Kg2 Qh3+ 30. Kg1 Qh2+ 0-1


[Site "https://www.chess.com"]

[Event "Titled Tuesday Blitz November 16 2021"]
[White "Demchenko, Anton"]
[Black "Andreikin, Dmitry"]
[WhiteFideId "4160258"]
[BlackFideId "4158814"]
[WhiteElo "2583"]
[BlackElo "2736"]
[Result "1/2-1/2"]
[Round "10"]
[TimeControl "180+1"]
[Date "2021.11.16"]
[WhiteClock "0:01:43"]
[BlackClock "0:02:32"]

1. e4 e5 2. Nf3 Nc6 3. Nc3 Nf6 4. d4 exd4 5. Nxd4 Bb4 6. Nxc6 bxc6 7. Bd3 O-O 8. O-O d5 9. exd5 cxd5 10. h3 c6 11. Qf3 Re8 12. Bf4 Be6 13. Rfd1 Nd7 14. Ne2 g6 15. Nd4 Qb6 16. Nxe6 Rxe6 17. c4 Ne5 18. Bxe5 Rxe5 19. a3 1/2-1/2


[Site "https://www.chess.com"]

[Event "Titled Tuesday Blitz November 16 2021"]
[White "Djokic, Mihailo"]
[Black "Nagy, Gabor"]
[WhiteFideId "976440"]
[BlackFideId "737119"]
[WhiteElo "2008"]
[BlackElo "2534"]
[Result "0-1"]
[Round "10"]
[TimeControl "180+1"]
[Date "2021.11.16"]
[WhiteClock "0:00:01"]
[BlackClock "0:01:30"]

1. e4 g6 2. d4 Bg7 3. Nc3 d6 4. Be3 a6 5. Qd2 b5 6. a4 b4 7. Nce2 a5 8. Ng3 h5 9. h4 Nf6 10. Nf3 Ng4 11. Bg5 O-O 12. Bc4 Nd7 13. O-O Nb6 14. Bb3 Ba6 15. Rfe1 Qd7 16. Nh2 Nxh2 17. Kxh2 c5 18. Bh6 Bxd4 19. Nf5 Be5+ 20. f4 Bxb2 21. Bxf8 Rxf8 22. Nh6+ Kg7 23. f5 Be5+ 24. Kh1 c4 25. Ba2 Rh8 26. Nxf7 Kxf7 27. fxg6+ Kg7 28. Rad1 Qg4 29. Qg5 Qxg5 30. hxg5 Nxa4 31. Rd5 Nc5 32. Bb1 Kxg6 33. Rf1 c3 34. Rf5 Nxe4 35. Rfxe5 dxe5 36. Rxa5 Rd8 37. Kh2 Bf1 38. Rxe5 Nxg5 39. Re1 Bc4 40. Kg3 Rd2 41. Kf4 Kf6 42. g3 e5+ 43. Ke3 Rg2 44. Rh1 Rxg3+ 45. Kf2 Rf3+ 46. Kg2 Kg6 47. Rd1 h4 48. Rd6+ Kf5 49. Rc6 Bd5 50. Rb6 Rg3+ 51. Kf2 Ne4+ 52. Ke2 Bc4+ 53. Ke1 Rg1# 0-1


[Site "https://www.chess.com"]

[Event "Titled Tuesday Blitz November 16 2021"]
[White "Djordjevic, Vuk"]
[Black "Ghazarian, Kirk"]
[WhiteFideId "902098"]
[BlackFideId "30908604"]
[WhiteElo "2463"]
[BlackElo "2003"]
[Result "0-1"]
[Round "10"]
[TimeControl "180+1"]
[Date "2021.11.16"]
[WhiteClock "0:00:01"]
[BlackClock "0:00:14"]

1. d4 Nf6 2. Bg5 Ne4 3. Bf4 c5 4. f3 Nf6 5. dxc5 Na6 6. Nc3 Nxc5 7. e4 d6 8. Bc4 g6 9. Nge2 Bg7 10. e5 Nh5 11. exd6 Nxf4 12. Nxf4 O-O 13. O-O exd6 14. Nfd5 Be6 15. Rb1 Rc8 16. Kh1 Qh4 17. Be2 a6 18. Qd2 b5 19. a3 Rfe8 20. g3 Qd8 21. Rfe1 Nd7 22. f4 Nb6 23. Bf3 Nc4 24. Qf2 Nxb2 25. Rxb2 Bxc3 26. Nxc3 Rxc3 27. Bg2 Rxa3 28. Qd4 Qc7 29. Rd1 Qc5 30. Qd2 Rd8 31. Re1 Qc3 32. Qc1 Ra4 33. Rb1 Rc4 34. Rb2 Rdc8 35. Re2 Qd4 36. Rb3 Qc5 37. Rd3 Rxc2 38. Rxc2 Qxc2 39. Qxc2 Rxc2 40. Bf3 d5 41. Ra3 Rc6 42. Kg1 b4 43. Ra4 Rb6 44. Kf2 b3 45. Be2 b2 46. Bd3 Bf5 47. Bxf5 gxf5 0-1


[Site "https://www.chess.com"]

[Event "Titled Tuesday Blitz November 16 2021"]
[White "FGHSMN"]
[Black "Bortnyk, Olexandr"]
[BlackFideId "14120828"]
[WhiteElo "2688"]
[BlackElo "2723"]
[Result "0-1"]
[Round "10"]
[TimeControl "180+1"]
[Date "2021.11.16"]
[WhiteClock "0:00:04"]
[BlackClock "0:00:06"]

1. e4 Nf6 2. e5 Nd5 3. d4 d6 4. Nf3 dxe5 5. Nxe5 c6 6. Be2 Bf5 7. O-O Nd7 8. Nf3 e6 9. a3 Bd6 10. c4 N5f6 11. Nc3 O-O 12. Bg5 Qc7 13. Qd2 h6 14. Bh4 Rfe8 15. Bg3 Bxg3 16. hxg3 e5 17. d5 e4 18. Nd4 Bg6 19. Qe3 cxd5 20. cxd5 Qe5 21. Rfd1 Nb6 22. d6 Qxd6 23. Ndb5 Qe5 24. Nxa7 Nbd5 25. Nxd5 Nxd5 26. Qd4 e3 27. f4 Nxf4 28. gxf4 Qxd4 29. Rxd4 Rxa7 30. Rc1 Raa8 31. Bf3 Re7 32. Kf1 f6 33. Ke2 Be8 34. Bd5+ Kf8 35. Rc3 Bh5+ 36. Bf3 Bxf3+ 37. gxf3 Rae8 38. Rdd3 Kf7 39. b4 h5 40. a4 h4 41. Rxe3 Rxe3+ 42. Rxe3 Rc8 43. Re4 Rc2+ 44. Kf1 Ra2 45. a5 Rb2 46. Rd4 Kg6 47. Kg1 Kf5 48. Rd7 Kxf4 49. Rxg7 Kxf3 50. Rxb7 Kg3 51. Rg7+ Kh3 52. Rb7 Ra2 53. Ra7 Kg3 54. Rg7+ Kf3 55. Ra7 f5 56. a6 f4 57. b5 h3 58. b6 Ra5 59. b7 Kg3 60. Kf1 h2 61. b8=Q h1=Q+ 62. Ke2 Qe4+ 63. Kd2 Ra2+ 64. Kc3 Rc2+ 65. Kb3 Qc4+ 66. Ka3 Ra2# 0-1


[Site "https://www.chess.com"]

[Event "Titled Tuesday Blitz November 16 2021"]
[White "Gabrielian, Artur"]
[Black "Nesterov, Arseniy"]
[WhiteFideId "4131002"]
[BlackFideId "24198455"]
[WhiteElo "2440"]
[BlackElo "2489"]
[Result "0-1"]
[Round "10"]
[TimeControl "180+1"]
[Date "2021.11.16"]
[WhiteClock "0:00:02"]
[BlackClock "0:00:04"]

1. e4 e5 2. Nf3 Nc6 3. Bb5 a6 4. Ba4 b5 5. Bb3 Na5 6. d4 exd4 7. c3 Nxb3 8. axb3 dxc3 9. Nxc3 Bb7 10. O-O d6 11. Re1 Be7 12. Nd5 Bf6 13. Nxf6+ Nxf6 14. e5 Ne4 15. exd6 O-O 16. dxc7 Qxc7 17. Be3 Rad8 18. Qc1 Qd6 19. Rd1 Qe7 20. Qc2 h6 21. Rxd8 Rxd8 22. Rd1 Rc8 23. Qe2 Nf6 24. Nd4 Nd5 25. Nf5 Qf6 26. Qg4 Nxe3 27. Nxe3 Qxb2 28. Qd7 Qc3 29. h4 Qc6 30. Qe7 Re8 31. Rd8 Rxd8 32. Qxd8+ Kh7 33. Qe7 Kg8 34. Qd8+ Kh7 35. Qe7 f6 36. h5 Qe4 37. Qf7 Bc6 38. Qc7 b4 39. Qb6 f5 40. f3 Qe6 41. Qd4 a5 42. Kf2 Be8 43. g4 fxg4 44. fxg4 Qf7+ 45. Kg3 Kh8 46. Qe5 Bd7 47. Nd5 Qe6 48. Qb8+ Kh7 49. Nf4 Qxg4+ 50. Kf2 Qf5 51. Ke3 a4 52. bxa4 Qc5+ 53. Kf3 Bc6+ 54. Kg3 Qg5+ 55. Kf2 b3 56. Qb4 b2 57. Qxb2 Qxf4+ 58. Ke1 Qe3+ 59. Kd1 Bxa4+ 0-1


[Site "https://www.chess.com"]

[Event "Titled Tuesday Blitz November 16 2021"]
[White "Golubev, Mikhail"]
[Black "Yeletsky, Ivan"]
[WhiteFideId "14100983"]
[BlackFideId "24180327"]
[WhiteElo "2374"]
[BlackElo "2352"]
[Result "1/2-1/2"]
[Round "10"]
[TimeControl "180+1"]
[Date "2021.11.16"]
[WhiteClock "0:00:25"]
[BlackClock "0:00:40"]

1. e4 c5 2. Nf3 Nc6 3. Nc3 Nf6 4. d4 cxd4 5. Nxd4 e6 6. Ndb5 d6 7. Bf4 e5 8. Bg5 a6 9. Na3 b5 10. Bxf6 gxf6 11. Nd5 Bg7 12. c3 f5 13. exf5 Bxf5 14. Nc2 O-O 15. Nce3 Be6 16. Bd3 f5 17. O-O Ra7 18. a4 bxa4 19. Qxa4 Nb8 20. Bc4 Kh8 21. f4 Raf7 22. Qa5 Qh4 23. g3 Qd8 24. Qxd8 Rxd8 25. Rad1 Bh6 26. Nb6 Bxc4 27. Nbxc4 exf4 28. Nxd6 Rxd6 29. Rxd6 Bf8 30. Rd8 Nc6 31. Rxf8+ Rxf8 32. Rxf4 Ne7 33. Ra4 Rb8 34. Kf2 Rxb2+ 35. Kf3 Rxh2 36. Rxa6 Kg7 37. Ra7 Kf6 38. c4 Rh1 39. Ra6+ Kf7 40. Ra7 Kf6 41. Ra6+ Kf7 42. Ra7 Kf6 1/2-1/2


[Site "https://www.chess.com"]

[Event "Titled Tuesday Blitz November 16 2021"]
[White "Gubajdullin, Alexei"]
[Black "Kryakvin, Dmitry"]
[WhiteFideId "4141202"]
[BlackFideId "4153278"]
[WhiteElo "2268"]
[BlackElo "2372"]
[Result "0-1"]
[Round "10"]
[TimeControl "180+1"]
[Date "2021.11.16"]
[WhiteClock "0:00:01"]
[BlackClock "0:00:28"]

1. d4 Nf6 2. Nf3 e6 3. Bf4 c5 4. e3 cxd4 5. exd4 b6 6. Be2 Be7 7. O-O O-O 8. a4 Ba6 9. Bxa6 Nxa6 10. Nbd2 d6 11. a5 b5 12. c3 Nc7 13. Qe2 a6 14. Bg3 Ncd5 15. Rfc1 Rc8 16. Qd3 Nh5 17. b3 Nxg3 18. hxg3 Bf6 19. c4 Nb4 20. Qe2 bxc4 21. bxc4 d5 22. c5 Nc6 23. Ra4 Nxa5 24. Qxa6 Nc6 25. Qd3 h6 26. Rb1 Rb8 27. Rb5 Qc7 28. Nb3 Rxb5 29. Qxb5 Rb8 30. Qd3 Qb7 31. Na5 Qb1+ 32. Qxb1 Rxb1+ 33. Kh2 Nxa5 34. Rxa5 Rc1 35. Ra8+ Kh7 36. Ra7 Kg6 37. Ra4 Kf5 38. Rb4 g5 39. Rb7 Kg6 0-1


[Site "https://www.chess.com"]

[Event "Titled Tuesday Blitz November 16 2021"]
[White "Gurevich, Dmitry"]
[Black "Zhigalko, Sergei"]
[WhiteFideId "2000407"]
[BlackFideId "13502956"]
[WhiteElo "2506"]
[BlackElo "2662"]
[Result "1-0"]
[Round "10"]
[TimeControl "180+1"]
[Date "2021.11.16"]
[WhiteClock "0:00:21"]
[BlackClock "0:00:01"]

1. d4 Nf6 2. c4 e6 3. Nf3 b6 4. g3 Ba6 5. b3 Bb4+ 6. Bd2 Be7 7. Bg2 c6 8. Bc3 d5 9. Nbd2 Nbd7 10. O-O O-O 11. Qc2 c5 12. e4 dxc4 13. Nxc4 Rc8 14. dxc5 Bxc5 15. Rad1 Qe7 16. Qb2 Rfd8 17. Nfe5 Nxe5 18. Bxe5 Bxc4 19. bxc4 Rxd1 20. Rxd1 Ng4 21. Rd2 Rd8 22. Bd4 Rxd4 23. Rxd4 Nxf2 24. Kf1 Ng4 25. Rd3 Nxh2+ 26. Ke2 h5 27. Qe5 g6 28. Bf3 Kh7 29. Qf4 Nxf3 30. Kxf3 Kg7 31. e5 Qb7+ 32. Qe4 Qa6 33. Qe2 Qxc4 34. Kg2 Qb5 35. Qf3 1-0


[Site "https://www.chess.com"]

[Event "Titled Tuesday Blitz November 16 2021"]
[White "Gurvich, Vitaly"]
[Black "Tsvetkov, Andrey"]
[WhiteFideId "24164852"]
[BlackFideId "34139360"]
[WhiteElo "2275"]
[BlackElo "2280"]
[Result "0-1"]
[Round "10"]
[TimeControl "180+1"]
[Date "2021.11.16"]
[WhiteClock "0:00:07"]
[BlackClock "0:00:47"]

1. b3 d5 2. Bb2 Bg4 3. Nf3 e6 4. e3 Nd7 5. Be2 Ngf6 6. c4 Bd6 7. O-O O-O 8. d4 Ne4 9. Nbd2 f5 10. Ne5 Bxe2 11. Qxe2 c6 12. f4 Ndf6 13. Ndf3 Kh8 14. c5 Bc7 15. b4 Qe8 16. a4 Qh5 17. b5 g5 18. Rfe1 Ba5 19. Rec1 gxf4 20. exf4 Bd2 21. bxc6 bxc6 22. Nxc6 Bxf4 23. Nce5 Rg8 24. Rc2 Rg7 25. c6 Ng4 26. g3 Bxg3 27. hxg3 Nxe5 28. Nxe5 Rxg3+ 29. Qg2 Rag8 30. c7 Rxg2+ 31. Rxg2 Rxg2+ 32. Kxg2 Qe2+ 33. Kh3 Qe3+ 34. Kg2 Qg3+ 0-1


[Site "https://www.chess.com"]

[Event "Titled Tuesday Blitz November 16 2021"]
[White "Dronavalli, Harika"]
[Black "Shipov, Sergei"]
[WhiteFideId "5015197"]
[BlackFideId "4113624"]
[WhiteElo "2422"]
[BlackElo "2779"]
[Result "1-0"]
[Round "10"]
[TimeControl "180+1"]
[Date "2021.11.16"]
[WhiteClock "0:00:31"]
[BlackClock "0:00:08"]

1. d4 Nf6 2. Nf3 d5 3. Bf4 c5 4. e3 Bg4 5. Nbd2 e6 6. h3 Bh5 7. Bb5+ Nc6 8. g4 Bg6 9. Ne5 Qb6 10. c4 cxd4 11. Qa4 Rc8 12. exd4 a6 13. Bxc6+ bxc6 14. c5 Qxb2 15. O-O Qb5 16. Qa3 a5 17. Nxg6 hxg6 18. Rab1 Qa6 19. Kg2 Nd7 20. Rfe1 Be7 21. Nf3 O-O 22. Ne5 Nxe5 23. Bxe5 Bf6 24. Qe3 Bxe5 25. Qxe5 Qc4 26. a3 Qa4 27. Re3 Rfe8 28. Rb7 f6 29. Qd6 Qxd4 30. Qd7 f5 31. gxf5 gxf5 32. Rxe6 Kh7 33. Rxe8 Rxe8 34. Qxe8 Qxc5 35. Qh5+ 1-0


[Site "https://www.chess.com"]

[Event "Titled Tuesday Blitz November 16 2021"]
[White "Ibrahimli, Murad"]
[Black "Zelbel, Patrick"]
[WhiteFideId "13410229"]
[BlackFideId "24624322"]
[WhiteElo "2109"]
[BlackElo "2493"]
[Result "1-0"]
[Round "10"]
[TimeControl "180+1"]
[Date "2021.11.16"]
[WhiteClock "0:00:34"]
[BlackClock "0:00:09"]

1. Nf3 Nf6 2. d4 e6 3. Bg5 h6 4. Bh4 c5 5. e3 b6 6. d5 exd5 7. Nc3 Bb7 8. Bxf6 Qxf6 9. Nxd5 Bxd5 10. Qxd5 Nc6 11. O-O-O Rd8 12. h4 Be7 13. a3 O-O 14. g4 Qe6 15. g5 Qxd5 16. Rxd5 hxg5 17. hxg5 g6 18. Bb5 Nb8 19. Ne5 d6 20. Ng4 Kg7 21. f4 Rh8 22. Rdd1 Rxh1 23. Rxh1 Rh8 24. Rxh8 Kxh8 25. e4 Kg7 26. a4 f6 27. gxf6+ Bxf6 28. c3 g5 29. e5 dxe5 30. fxe5 Bd8 31. Kd2 a6 32. Bd3 Bc7 33. Ke3 a5 34. Bb5 Kg6 35. Ke4 Kh5 36. Kf5 Kh4 37. e6 Bd8 38. Ne5 1-0


[Site "https://www.chess.com"]

[Event "Titled Tuesday Blitz November 16 2021"]
[White "Kamsky, Gata"]
[Black "Papasimakopoulos, Alexandros"]
[WhiteFideId "2000024"]
[BlackFideId "4244125"]
[WhiteElo "2645"]
[BlackElo "2394"]
[Result "1/2-1/2"]
[Round "10"]
[TimeControl "180+1"]
[Date "2021.11.16"]
[WhiteClock "0:00:23"]
[BlackClock "0:00:09"]

1. e4 e6 2. d4 d5 3. exd5 exd5 4. Nf3 Bg4 5. h3 Bh5 6. Qe2+ Qe7 7. Qxe7+ Bxe7 8. Ne5 f6 9. Nd3 Nc6 10. c3 Bd6 11. Bf4 Kd7 12. Bxd6 Kxd6 13. Na3 a6 14. Nc5 Rb8 15. Kd2 Bf7 16. Re1 Na5 17. Nc2 Nc4+ 18. Kc1 b6 19. Nxa6 Ra8 20. Nab4 c5 21. dxc5+ bxc5 22. Bxc4 dxc4 23. Rd1+ Kc7 24. Nd5+ Kc6 25. Nde3 Rxa2 26. Na3 Ra1+ 27. Kd2 Ra2 28. Nexc4 Ne7 29. Ra1 Rd8+ 30. Ke2 Bxc4+ 31. Nxc4 Rda8 32. Rxa2 Rxa2 33. Kd3 Nd5 34. g3 Nb6 35. Nxb6 Kxb6 36. Kc2 c4 37. Re1 Ra7 38. h4 Kc5 39. h5 g6 40. h6 Kd5 41. Re8 f5 42. Rg8 Re7 43. Kd2 Rb7 44. Rg7 Rxb2+ 45. Ke1 Rb1+ 46. Ke2 Rb2+ 47. Kf3 Rc2 48. Rxh7 Rxc3+ 49. Kg2 Ra3 50. Rg7 Ra8 51. h7 Rh8 52. Kf3 c3 53. Ke2 Kd4 54. Kd1 Ke4 55. Rc7 Kf3 56. Ke1 c2 57. Kf1 Rxh7 58. Rc3+ Kg4 59. Rxc2 g5 60. Kg2 Rd7 61. f3+ Kh5 62. Kh3 g4+ 63. fxg4+ fxg4+ 64. Kg2 Rd5 65. Rc8 Kg5 66. Rg8+ Kf5 67. Rf8+ Kg5 68. Rf4 Rd2+ 69. Rf2 Rd3 70. Rc2 Rd5 71. Kf2 Rf5+ 72. Kg2 Re5 73. Kf2 Kf5 74. Kg2 Rd5 75. Rf2+ Kg5 76. Rc2 Re5 77. Kf2 Kf5 78. Kg2 Rd5 79. Rf2+ Kg6 80. Rf4 Kg5 81. Rf2 Rd3 82. Re2 Kf5 83. Kf2 Rf3+ 84. Kg2 Ra3 85. Kf2 Ra4 86. Kg2 Re4 87. Rf2+ Ke5 88. Rb2 Rd4 89. Kf2 Ke4 90. Re2+ Kd3 91. Re5 Re4 92. Rf5 Re2+ 93. Kf1 Re3 94. Kf2 Re2+ 95. Kf1 Re3 96. Rf4 Rxg3 97. Kf2 Rf3+ 98. Rxf3+ gxf3 99. Kxf3 1/2-1/2


[Site "https://www.chess.com"]

[Event "Titled Tuesday Blitz November 16 2021"]
[White "Koellner, Ruben Gideon"]
[Black "Rozman, Levy"]
[WhiteFideId "12993093"]
[BlackFideId "2039877"]
[WhiteElo "2571"]
[BlackElo "2376"]
[Result "0-1"]
[Round "10"]
[TimeControl "180+1"]
[Date "2021.11.16"]
[WhiteClock "0:00:01"]
[BlackClock "0:00:10"]

1. d4 Nf6 2. Bg5 e6 3. Nd2 h6 4. Bh4 c5 5. e4 d5 6. e5 g5 7. Bg3 Nfd7 8. h4 g4 9. Qxg4 h5 10. Qf3 Nc6 11. c3 cxd4 12. cxd4 Bh6 13. Qd3 b6 14. Ngf3 a5 15. Qc3 Bb7 16. Bb5 Rc8 17. Qb3 Bxd2+ 18. Kxd2 Rg8 19. Rac1 Rg4 20. Qe3 Qe7 21. a3 Qf8 22. Bf4 Na7 23. Bd3 b5 24. g3 Nb6 25. Rxc8+ Bxc8 26. Ke2 Nc4 27. Bxc4 bxc4 28. Kf1 Qe7 29. Kg2 Qb7 30. Qd2 Nc6 31. Ng5 a4 32. f3 Rxf4 33. gxf4 Qb6 34. Rd1 Ne7 35. Nh7 Nf5 36. Nf6+ Kf8 37. Kf2 Nxh4 38. Qb4+ Qxb4 39. axb4 Nf5 40. b5 Ke7 41. b6 Kd8 42. Ke2 Ba6 43. Kf2 Kc8 44. Nxh5 Kb7 45. Ng3 Ne7 46. Nf1 Kxb6 47. Ne3 Nc6 48. Nc2 Kb5 49. Ke3 Ka5 50. Ne1 Kb4 51. Ra1 Kb3 52. Ra3+ Kb4 53. Nc2+ Kb5 54. Kd2 Bb7 55. Kc3 Ne7 56. Ra1 Ng6 57. Rh1 Nxf4 58. Rh7 Ne2+ 59. Kd2 Ng3 60. Rxf7 Bc6 61. Kc3 Ne2+ 62. Kd2 Ng3 63. Rg7 Nf5 64. Rf7 Kb6 65. Rf6 Bd7 66. f4 Ng3 67. Kc3 Ne4+ 68. Kb4 Nf2 69. Rh6 Nd3+ 70. Kc3 Nxf4 71. Na3 Ne2+ 72. Kd2 Nxd4 73. Kc3 Nc6 74. Nc2 Kc5 75. Rh4 Nxe5 76. Nd4 Nc6 77. Nxc6 Bxc6 78. Rh8 d4+ 79. Kd2 e5 80. Rd8 a3 0-1


[Site "https://www.chess.com"]

[Event "Titled Tuesday Blitz November 16 2021"]
[White "Le, Tuan Minh"]
[Black "Koridze, Lile"]
[WhiteFideId "12401153"]
[BlackFideId "13612514"]
[WhiteElo "2450"]
[BlackElo "1978"]
[Result "1-0"]
[Round "10"]
[TimeControl "180+1"]
[Date "2021.11.16"]
[WhiteClock "0:02:21"]
[BlackClock "0:02:33"]

1. d4 Nf6 2. Nf3 d5 3. c4 e6 4. Nc3 Bb4 5. Bg5 O-O 6. e3 h6 7. Bh4 c6 8. Bd3 Be7 9. O-O Nbd7 10. Rc1 b6 11. cxd5 cxd5 12. Bg3 a6 13. Na4 Bb7 14. Bc7 Qe8 15. Nxb6 Nxb6 16. Bxb6 Rc8 17. Qb3 Bd6 18. Bc5 Bxc5 19. Rxc5 Rxc5 20. dxc5 Qc8 21. Rc1 Nd7 22. c6 Bxc6 23. Nd4 Ne5 24. Nxc6 Nxc6 25. Qb6 Ne7 26. Rxc8 Rxc8 27. g4 Rc6 28. Qd8# 1-0


[Site "https://www.chess.com"]

[Event "Titled Tuesday Blitz November 16 2021"]
[White "Llorente Zaro, Alfonso"]
[Black "Sieciechowicz, Marcin"]
[WhiteFideId "2254131"]
[BlackFideId "1130170"]
[WhiteElo "2480"]
[BlackElo "2295"]
[Result "1-0"]
[Round "10"]
[TimeControl "180+1"]
[Date "2021.11.16"]
[WhiteClock "0:00:11"]
[BlackClock "0:00:12"]

1. e4 e6 2. Nc3 d5 3. d4 Nf6 4. Bd3 c5 5. dxc5 dxe4 6. Nxe4 Nxe4 7. Bxe4 Qxd1+ 8. Kxd1 Bxc5 9. Ke2 O-O 10. Nf3 Nd7 11. Rd1 Nf6 12. Bd3 b6 13. Be3 Bxe3 14. Kxe3 Bb7 15. c4 e5 16. Bc2 Ng4+ 17. Ke2 e4 18. Nd4 Nxh2 19. Nf5 Ng4 20. Rd7 Rab8 21. Nd6 Bc6 22. Rc7 Ne5 23. Rd1 f5 24. b4 f4 25. Rd4 f3+ 26. gxf3 Nxf3 27. Rd1 Ba8 28. Bb3 h6 29. c5+ Kh7 30. c6 Rbd8 31. b5 a6 32. a4 axb5 33. axb5 Ne5 34. Rg1 Ng6 35. Nxe4 Rde8 36. f3 Nf4+ 37. Kd2 Nh5 38. Bd5 Re5 39. Nc3 Rg5 40. Be4+ Kh8 41. Rxg5 hxg5 42. Nd5 Nf6 43. Nxf6 gxf6 44. Rh7+ Kg8 45. Ra7 f5 46. Bd5+ Kh8 47. Be6 g4 48. fxg4 fxg4 49. Bxg4 Rd8+ 50. Kc3 Kg8 51. Rxa8 Rxa8 52. c7 Kf7 53. c8=Q Rxc8+ 54. Bxc8 Ke7 55. Kd4 Kd6 56. Bg4 Kc7 57. Ke5 Kb8 58. Kd6 Ka8 59. Kc7 Ka7 60. Kc6 Ka8 61. Kxb6 Kb8 62. Ka6 Ka8 63. b6 Kb8 64. Bh3 Ka8 65. b7+ Kb8 66. Bg4 Kc7 67. Ka7 1-0


[Site "https://www.chess.com"]

[Event "Titled Tuesday Blitz November 16 2021"]
[White "Maksimovic, Bojan"]
[Black "Antipov, Mikhail Al."]
[WhiteFideId "14408120"]
[BlackFideId "4107012"]
[WhiteElo "2439"]
[BlackElo "2587"]
[Result "0-1"]
[Round "10"]
[TimeControl "180+1"]
[Date "2021.11.16"]
[WhiteClock "0:00:02"]
[BlackClock "0:00:03"]

1. e4 c5 2. Nf3 d6 3. d4 cxd4 4. Nxd4 Nf6 5. Nc3 a6 6. Bg5 Nbd7 7. Qe2 e6 8. O-O-O Be7 9. f4 Qc7 10. g4 b5 11. a3 Bb7 12. Rg1 h6 13. Bh4 g5 14. fxg5 Nh7 15. Bg3 hxg5 16. Nf3 Rc8 17. Kb1 Ne5 18. Nxe5 dxe5 19. Na2 Nf8 20. Nb4 Ng6 21. Nd3 Kf8 22. Be1 Kg7 23. Bc3 Qb6 24. Rg3 Rxc3 25. bxc3 Rc8 26. Kb2 Qa5 27. Nb4 Nf4 28. Qe1 Qc7 29. Re3 a5 30. Na2 Qc5 31. Kb1 Bc6 32. h4 gxh4 33. g5 Bxg5 34. Bd3 Qxa3 35. Rf3 Qc5 36. Bf1 b4 37. cxb4 axb4 38. Rb3 Ba4 39. Rb2 Bxc2+ 40. Ka1 b3 41. Rc1 Qa3 42. Qe3 Ra8 43. Qc3 Qxa2+ 44. Rxa2 Rxa2# 0-1


[Site "https://www.chess.com"]

[Event "Titled Tuesday Blitz November 16 2021"]
[White "Maly, Alexey"]
[Black "Samunenkov, Ihor"]
[WhiteFideId "14103184"]
[BlackFideId "14187086"]
[WhiteElo "2294"]
[BlackElo "2348"]
[Result "1/2-1/2"]
[Round "10"]
[TimeControl "180+1"]
[Date "2021.11.16"]
[WhiteClock "0:00:49"]
[BlackClock "0:00:31"]

1. d4 Nf6 2. c4 e6 3. Nf3 d5 4. e3 Be7 5. Nbd2 O-O 6. Bd3 b6 7. O-O Bb7 8. Qe2 a6 9. e4 dxe4 10. Nxe4 Nbd7 11. b3 c5 12. Bb2 Qc7 13. Rad1 Rad8 14. dxc5 Bxe4 15. Bxe4 Nxe4 16. Qxe4 Nxc5 17. Qg4 g6 18. Be5 Qb7 19. Qh3 Rxd1 20. Rxd1 Rd8 21. Rxd8+ Bxd8 22. Qh6 f6 23. Bd4 Qe4 24. h3 Bc7 25. Qc1 Nd3 26. Qd1 Kg7 1/2-1/2


[Site "https://www.chess.com"]

[Event "Titled Tuesday Blitz November 16 2021"]
[White "Manafov, Vugar"]
[Black "Al-Tarboush, Ward"]
[WhiteFideId "13410814"]
[BlackFideId "7601450"]
[WhiteElo "2277"]
[BlackElo "2276"]
[Result "1-0"]
[Round "10"]
[TimeControl "180+1"]
[Date "2021.11.16"]
[WhiteClock "0:02:29"]
[BlackClock "0:01:23"]

1. d4 e6 2. c4 b6 3. Nc3 Bb7 4. e4 Bb4 5. Qc2 Ne7 6. Bd3 Ng6 7. Ne2 O-O 8. O-O f6 9. a3 Be7 10. f4 Nc6 11. Be3 Qe8 12. b4 e5 13. d5 exf4 14. dxc6 fxe3 15. cxb7 Rb8 16. Nd5 Bd6 17. Nxe3 Nh4 18. Nf5 Qh5 19. Nxd6 cxd6 20. Nf4 Qg5 21. Qf2 Rxb7 22. Qg3 Qh6 23. Nd5 Rbb8 24. Qxd6 Rbe8 25. Qf4 g5 26. Qg3 Qg7 27. Ra2 Ng6 28. Raf2 Re6 29. c5 bxc5 30. Bc4 Ne5 31. Nxf6+ 1-0


[Site "https://www.chess.com"]